 Dungeon Crawl Stone Soup version 0.23-a0-473-gc8aadda (webtiles) character file.

98 XanderDroid the Quickloader (level 4, -2/32 HPs)
             Began as a Gnoll Wanderer on Nov 27, 2018.
             Splashed by a jelly's acid (9 damage)
             ... on level 3 of the Dungeon.
             The game lasted 00:07:35 (3020 turns).

XanderDroid the Quickloader (Gnoll Wanderer)        Turns: 3020, Time: 00:07:36

Health: -2/32      AC: -1    Str: 16    XL:     4   Next: 69%
Magic:  6/6        EV: 13    Int: 13    God:
Gold:   154        SH:  0    Dex: 15    Spells: 5/5 levels left

rFire    . . .     SeeInvis .   a - +0 spear
rCold    . . .     Gourm    .   (no shield)
rNeg     . . .     Faith    .   u - +0 ring mail
rPois    .         Spirit   .   (no helmet)
rElec    .         Reflect  .   (no cloak)
rCorr    .         Harm     .   (no gloves)
MR       .....                  l - +0 pair of boots
Stlth    ++........             (no amulet)
HPRegen  0.10/turn              (no ring)
MPRegen  0.10/turn              (no ring)

@: corroded
A: distributed training, fangs 1, strong nose
a: no special abilities


You were on level 3 of the Dungeon.
You were not hungry.

You visited 1 branch of the dungeon, and saw 3 of its levels.

You collected 154 gold pieces.

Inventory:

Hand Weapons
 a - a +0 spear (weapon)
 b - a +2 hand crossbow
Missiles
 j - 44 bolts
Armour
 l - a +0 pair of boots (worn)
 s - a +0 cloak
 u - a +0 ring mail (worn)
Scrolls
 c - 3 scrolls of teleportation
 d - 3 scrolls of magic mapping {unknown}
 e - a scroll of immolation {unknown}
 g - a scroll of blinking {unknown}
 m - 3 scrolls of identify {unknown}
 n - a scroll of random uselessness {unknown}
Potions
 h - 2 potions of lignification {unknown}
 i - 2 potions of ambrosia {unknown}
 o - a potion of haste
 p - a potion of heal wounds {unknown}
 q - 2 potions of agility {unknown}
 r - a potion of brilliance {unknown}
 t - a potion of curing {unknown}
Comestibles
 f - 10 rations
 k - 2 chunks of flesh


   Skills:
 + Level 1.2 Fighting
 + Level 1.2 Short Blades
 + Level 1.2 Long Blades
 + Level 1.2 Axes
 + Level 1.2 Maces & Flails
 + Level 1.2 Polearms
 + Level 1.2 Staves
 + Level 1.2 Slings
 + Level 1.2 Bows
 + Level 8.6 Crossbows
 + Level 2.8 Throwing
 + Level 2.8 Armour
 + Level 4.6 Dodging
 + Level 2.6 Stealth
 + Level 1.2 Shields
 + Level 1.2 Unarmed Combat
 + Level 1.2 Spellcasting
 + Level 1.0 Conjurations
 + Level 1.0 Hexes
 + Level 1.0 Charms
 + Level 1.0 Summonings
 + Level 1.0 Necromancy
 + Level 1.0 Translocations
 + Level 1.0 Transmutations
 + Level 1.0 Fire Magic
 + Level 1.0 Ice Magic
 + Level 1.0 Air Magic
 + Level 1.0 Earth Magic
 + Level 1.0 Poison Magic
 + Level 1.3 Invocations
 + Level 2.8 Evocations


You had 5 spell levels left.
You didn't know any spells.
Your spell library was empty.

Dungeon Overview and Level Annotations

Branches:
Dungeon (3/15)

Altars:
Yredelemnul


Innate Abilities, Weirdness & Mutations

Your experience applies equally to all skills.
You have very sharp teeth.
Your uncanny sense of smell can sniff out nearby items.


Message History

The jelly is lightly wounded.
The jelly closely misses you.
You hit the jelly.
Your hands burn!
Your bite misses the jelly.
The jelly is heavily wounded.
The jelly closely misses you.
You hit the jelly. The acid corrodes you!
Your hands burn!
You bite the jelly, but do no damage.
The jelly is severely wounded.
The jelly hits you.
You are splashed with acid!
The acid burns!
You are too injured to fight recklessly!
You are too injured to fight recklessly!
You are too injured to fight recklessly!
You are too injured to fight recklessly!
You hit the jelly. The acid corrodes you!
Your hands burn!
* * * LOW HITPOINT WARNING * * *
The jelly is almost dead.
The jelly hits you.
* * * LOW HITPOINT WARNING * * *
You are splashed with acid!
The acid burns!
You die...

....... ... .......# ....
......# .... ∆ .....# .....
#...###..... #..........
###### #.# ##.........
.#.....##.# #.....#.#
.........#.###.@J....#
...................#.# ....
...........#....##...#.....
..........##....##...#.....
..........#...#.##.#.#....
.........÷...##....#......
......................##
... .#.......#..#........#
####...
####...##.##........#
.......


You could see a jelly.

Vanquished Creatures
  A worker ant zombie (D:3)
  An adder (D:3)
  An ooze (D:3)
  2 worms (D:2)
  4 dart slugs
  A leopard gecko (D:1)
  An orc (D:3)
  2 giant cockroaches (D:2)
  7 hobgoblins
  A ball python (D:2)
  9 bats
  4 frilled lizards
  8 goblins
  8 kobolds
  8 rats
58 creatures vanquished.

Notes
Turn   | Place    | Note
-------+----------+-------------------------------------------
     0 | D:1      | XanderDroid the Gnoll Wanderer began the quest for the Orb.
     0 | D:1      | XanderDroid set off with the following items: a +2 hand
                  | crossbow, 23 bolts, 2 scrolls of teleportation, a +0 robe,
                  | a ration
     0 | D:1      | Reached XP level 1. HP: 13/13 MP: 2/2
   332 | D:1      | Reached XP level 2. HP: 19/19 MP: 3/3
   723 | D:1      | Reached XP level 3. HP: 25/25 MP: 4/4
  1468 | D:2      | Reached skill level 1 in Invocations
  1617 | D:2      | Found a basalt altar of Yredelemnul.
  1676 | D:2      | Reached skill level 1 in Fighting
  1676 | D:2      | Reached skill level 1 in Short Blades
  1676 | D:2      | Reached skill level 1 in Long Blades
  1676 | D:2      | Reached skill level 1 in Axes
  1676 | D:2      | Reached skill level 1 in Maces & Flails
  1676 | D:2      | Reached skill level 1 in Polearms
  1676 | D:2      | Reached skill level 1 in Staves
  1676 | D:2      | Reached skill level 1 in Slings
  1676 | D:2      | Reached skill level 1 in Bows
  1676 | D:2      | Reached skill level 1 in Shields
  1676 | D:2      | Reached skill level 1 in Unarmed Combat
  1676 | D:2      | Reached skill level 1 in Spellcasting
  1807 | D:2      | Reached XP level 4. HP: 5/32 MP: 6/6
  2988 | D:3      | Reached skill level 1 in Conjurations
  2988 | D:3      | Reached skill level 1 in Hexes
  2988 | D:3      | Reached skill level 1 in Charms
  2988 | D:3      | Reached skill level 1 in Summonings
  2988 | D:3      | Reached skill level 1 in Necromancy
  2988 | D:3      | Reached skill level 1 in Translocations
  2988 | D:3      | Reached skill level 1 in Transmutations
  2988 | D:3      | Reached skill level 1 in Fire Magic
  2988 | D:3      | Reached skill level 1 in Ice Magic
  2988 | D:3      | Reached skill level 1 in Air Magic
  2988 | D:3      | Reached skill level 1 in Earth Magic
  2988 | D:3      | Reached skill level 1 in Poison Magic
  3020 | D:3      | Splashed by a jelly's acid

Vault maps used:
D:1:      ebering_trefoil_twist, minmay_fountain_box
D:2:      first_ration, yredelemnul_altar_generic
D:3:      demons_altar

Skill      XL: |  1  2  3  4 |
---------------+-------------+-----
Invocations    | 1 |  1.3
Fighting       | 1 |  1.2
Short Blades   | 1 |  1.2
Long Blades    | 1 |  1.2
Axes           | 1 |  1.2
Maces & Flails | 1 |  1.2
Polearms       | 1 |  1.2
Staves         | 1 |  1.2
Slings         | 1 |  1.2
Bows           | 1 |  1.2
Shields        | 1 |  1.2
Unarmed Combat | 1 |  1.2
Spellcasting   | 1 |  1.2
Conjurations   | 1 |  1.0
Hexes          | 1 |  1.0
Charms         | 1 |  1.0
Summonings     | 1 |  1.0
Necromancy     | 1 |  1.0
Translocations | 1 |  1.0
Transmutations | 1 |  1.0
Fire Magic     | 1 |  1.0
Ice Magic      | 1 |  1.0
Air Magic      | 1 |  1.0
Earth Magic    | 1 |  1.0
Poison Magic   | 1 |  1.0
Crossbows      | |  8.6
Throwing       | |  2.8
Armour         | |  2.8
Dodging        | |  4.6
Stealth        | |  2.6
Evocations     | |  2.8

Action                   |  1- 3 |  4- 6 || total
-------------------------+-------+-------++-------
Melee: Hand crossbow     |    14 |       ||    14
       Spear             |   183 |    76 ||   259
       Bite              |    16 |     7 ||    23
       Punch             |     2 |       ||     2
 Fire: Hand crossbow     |     8 |       ||     8
 Stab: Sleeping          |     1 |     1 ||     2
  Eat: Chunk             |     3 |     4 ||     7
Armor: Robe              |     5 |       ||     5
       Leather armour    |    50 |    12 ||    62
       Ring mail         |       |     4 ||     4
Dodge: Dodged            |   139 |    42 ||   181

Table legend:
 A = Non-vault XP
 B = Vault XP
 C = Vault XP percentage of total XP
 D = Non-vault monster count
 E = Vault monster count
 F = Vault count percentage of total count
                 A         B        C        D         E       F
            +---------+---------+-------+---------+---------+-------
      Total |     140 |       0 |   0.0 |      58 |       0 |   0.0
            +---------+---------+-------+---------+---------+-------
        D:1 |      53 |       0 |   0.0 |      30 |       0 |   0.0
        D:2 |      32 |       0 |   0.0 |      15 |       0 |   0.0
        D:3 |      55 |       0 |   0.0 |      13 |       0 |   0.0
            +---------+---------+-------+---------+---------+-------
